 Dungeon Crawl Stone Soup version 0.18.1-48-g4cf74bf (webtiles) character file.

43 torvon the Digger (level 3, -7/21 HPs)
             Began as a Gargoyle Earth Elementalist on Aug 12, 2016.
             Killed from afar by an orc wizard (8 damage)
             ... with a puff of frost
             ... on level 3 of the Dungeon.
             The game lasted 00:08:00 (1991 turns).

torvon the Digger (Gargoyle Earth Elementalist)     Turns: 1991, Time: 00:08:00

Health: -7/21      AC:  5    Str: 12    XL:     3   Next: 58%
Magic:  4/6        EV: 12    Int: 15    God:
Gold:   52         SH:  0    Dex: 10    Spells: 2 memorised, 2 levels left

rFire  . . .     SeeInvis .     q - +1 mace (holy)
rCold  . . .     Gourm    .     a - +0 robe
rNeg   + . .     Faith    .     (no shield)
rPois  ∞         Spirit   .     (no helmet)
rElec  +         Dismiss  .     (no cloak)
rCorr  .         Reflect  .     (no gloves)
SustAt .         Harm     .     (no boots)
MR     .....                    (no amulet)
Stlth  ++........               (no ring)
                                (no ring)

@: not resistant to hostile enchantments, unstealthy
A: negative energy resistance 1, electricity resistance, unbreathing,
petrification resistance, rot immunity, AC +3
a: no special abilities


You were on level 3 of the Dungeon.
You were not hungry.

You visited 1 branch of the dungeon, and saw 3 of its levels.

You collected 52 gold pieces.

Inventory:

Hand Weapons
 i - a +0 spear
 k - a +0 dagger of speed
 n - a +0 dagger
 q - a +1 mace of holy wrath (weapon)
 r - a +0 short sword
Missiles
 b - 33 stones (quivered)
Armour
 a - a +0 robe (worn)
 e - a +0 buckler
 h - a +0 buckler
Jewellery
 o - a +4 ring of strength {unknown}
 t - an uncursed ring of protection from magic {unknown}
Wands
 w - a wand of iceblast (6/15)
Scrolls
 j - 4 scrolls of identify {unknown}
 l - a scroll of enchant weapon {unknown}
 p - 2 scrolls of amnesia {unknown}
 u - a scroll of immolation {unknown}
 y - 3 scrolls of magic mapping {unknown}
 z - a scroll of fear {unknown}
Potions
 g - 2 potions of brilliance {unknown}
 m - a potion of curing {unknown}
 v - a potion of magic {unknown}
 x - a potion of lignification {unknown}
Books
 c - a book of Geomancy

   Spells                             Type                      Level
   a - Sandblast                      Earth                        1
   b - Passwall                       Transmutation/Earth          2
   c - Stone Arrow                    Conjuration/Earth            3
   d - Petrify                        Transmutation/Earth          4
   e - Lee's Rapid Deconstruction     Earth                        5
Comestibles
 d - 4 bread rations
 f - a meat ration
 s - a beef jerky


   Skills:
 + Level 2.1 Fighting
 - Level 1.5 Dodging
 - Level 2.1 Stealth
 - Level 2.0 Spellcasting
   Level 0.7 Transmutations
 + Level 4.7 Earth Magic


You had 2 spell levels left.
You knew the following spells:

 Your Spells              Type           Power        Failure   Level  Hunger
a - Sandblast             Erth           ###...       3%          1    #......
b - Stone Arrow           Conj/Erth      #.....       30%         3    ###....


Dungeon Overview and Level Annotations

Branches:
Dungeon (3/15)

Altars:
Kikubaaqudgha


Innate Abilities, Weirdness & Mutations

You are resistant to torment.
Your stone body is resilient (AC +3).
You are immune to poison.
You resist negative energy.
You are resistant to electric shocks.
You can survive without breathing.
You are immune to petrification.
You are immune to rotting.


Message History

The jackal barely misses you.
You closely miss the jackal. The jackal bites you. The jackal misses you.
You thump the jackal!
You kill the jackal!
A gnoll comes into view. It is wielding a flail.
The orc wizard casts a cantrip, but nothing happens.
An adder comes into view.
You closely miss the adder.
The orc wizard looks braver for a moment.
The rat barely misses you. The adder misses you. The adder bites you.
The adder bites you but does no damage. The adder completely misses you.
The adder bites you.
The orc wizard gestures at you while chanting.
The puff of flame hits you!
Ouch! That really hurt!
* * * LOW HITPOINT WARNING * * *
The orc wizard casts a spell at you. The puff of frost hits you!
You die...

.. ..
#######################.
.......................
. #..#..#..#..#..#..#...
........................
..#..#..#oo#o.#..#..#...
.......@.S.r............
#######################.
#.# #. #. #. #. #g


You could see an orc wizard, an adder, 2 orcs and a rat.

Vanquished Creatures
  An adder (D:2)
  A dart slug (D:1)
  2 bat zombies (D:2)
  4 giant cockroaches
  4 goblins
  A hobgoblin (D:1)
  4 jackals (D:3)
  3 kobolds
  2 bats
  3 giant newts
  A rat (D:1)
  3 rat zombies (D:2)
29 creatures vanquished.

Notes
Turn   | Place    | Note
--------------------------------------------------------------
     0 | D:1      | torvon the Gargoyle Earth Elementalist began the quest for the Orb.
     0 | D:1      | Reached XP level 1. HP: 10/10 MP: 3/3
   625 | D:1      | Reached skill level 1 in Fighting
   625 | D:1      | Reached skill level 4 in Earth Magic
   625 | D:1      | Reached XP level 2. HP: 16/16 MP: 5/5
  1010 | D:2      | Found an ancient bone altar of Kikubaaqudgha.
  1378 | D:2      | Reached XP level 3. HP: 20/21 MP: 4/6
  1401 | D:2      | Learned a level 3 spell: Stone Arrow
  1990 | D:3      | HP: 1/21 [orc wizard/puff of flame (12)]
  1991 | D:3      | Killed from afar by an orc wizard

Skill      XL: |  1  2  3 |
---------------+----------+-----
Fighting       | 1 2 |  2.1
Earth Magic    | 4 |  4.7
Dodging        | |  1.5
Stealth        | |  2.1
Spellcasting   | |  2.0
Transmutations | |  0.7

Action                   || total
-------------------------++-------
Melee: Spear             ||    11
       Unarmed           ||     9
       Mace              ||    31
 Cast: Sandblast         ||    33
       Stone Arrow       ||     1
 Stab: Sleeping          ||     2
  Eat: Bread ration      ||     1
Armor: Robe              ||    40
Dodge: Dodged            ||    78
